 Dungeon Crawl Stone Soup version 0.29-a0-284-gf9362112df (webtiles) character file.

Game seed: 2164337039095786798

170 sammy202020 the Skirmisher (level 5, -3/44 HPs)
             Began as a Palentonga Berserker on Mar 27, 2022.
             Was a Believer of Trog.
             Slain by an ogre
             ... wielding a +0 giant club
              (21 damage)
             ... on level 4 of the Dungeon.
             The game lasted 00:03:32 (2986 turns).

sammy202020 the Skirmisher (Palentonga Berserker)   Turns: 2986, Time: 00:03:33

Health: -3/44      AC:  7    Str: 20    XL:     5   Next: 26%
Magic:  5/5        EV:  9    Int:  9    God:    Trog [**....]
Gold:   90         SH:  0    Dex: 10    Spells: 4/4 levels left

rFire   . . .      SeeInvis +   a - +1 hand axe
rCold   . . .      Faith    .   (no shield)
rNeg    . . .      Spirit   .   g - +1 ring mail
rPois   .          Reflect  .   (no helmet)
rElec   .          Harm     .   (no cloak)
rCorr   .          Rampage  .   (no gloves)
Will    ++...                   (no barding)
Stlth   ..........              (no amulet)
HPRegen 1.14/turn               (no ring)
MPRegen 0.09/turn               (no ring)

@: strong-willed, on berserk cooldown, regenerating, slowed, very slow
A: large, rugged brown scales 3, see invisible, deformed body, roll 1, armoured
tail
a: Rolling Charge, Renounce Religion, Berserk, Trog's Hand


You were on level 4 of the Dungeon.
You worshipped Trog.
Trog was pleased with you.
You visited 1 branch of the dungeon, and saw 4 of its levels.

You collected 90 gold pieces.

Inventory:

Hand Weapons
 a - a +1 hand axe (weapon)
Armour
 b - a +0 animal skin
 g - a +1 ring mail (worn)
Jewellery
 f - a +6 ring of intelligence
Wands
 n - a wand of polymorph (8)
Scrolls
 l - a scroll of magic mapping
Potions
 c - 2 potions of heal wounds
 d - a potion of resistance
 e - 2 potions of cancellation
 h - a potion of mutation {unknown}


   Skills:
 + Level 4.0 Fighting
 + Level 3.9 Axes
 + Level 2.6 Armour
 + Level 2.5 Dodging


You had 4 spell levels left.
You didn't know any spells.
Your spell library was empty.

Dungeon Overview and Level Annotations

Branches:
Dungeon (3/15)

Altars:
Gozag
Wu Jian


Innate Abilities, Weirdness & Mutations

You are completely covered in rugged brown scales. (AC +3, +7% HP)
You have supernaturally acute eyesight. (SInv)
Armour fits poorly on your strangely shaped body.
You can roll at nearby foes to attack.
You have a long armoured tail.


Message History

An ogre comes into view. It is wielding a +0 giant club.
The ufetubus hits you but does no damage.
The ufetubus misses you.
The ogre shouts!
You hit the ufetubus.
The ufetubus is almost dead.
The ufetubus hits you.
* * * LOW HITPOINT WARNING * * *
The ufetubus hits you but does no damage.
The ufetubus hits you.
* * * LOW HITPOINT WARNING * * *
The ufetubus barely misses you. The ufetubus barely misses you.
The ufetubus hits you but does no damage.
The ufetubus misses you. The ufetubus barely misses you. x3
You feel much better.
The jelly quivers.
The ogre hits you with a +0 giant club!
The ufetubus hits you but does no damage. x2
The ufetubus barely misses you. The ufetubus closely misses you.
You slash the ogre!
The ogre is moderately wounded.
You closely miss the ufetubus. The ufetubus barely misses you.
The ufetubus hits you but does no damage.
The ogre barely misses you.
The ufetubus hits you but does no damage. x2
The ogre hits you with a +0 giant club.
You feel much better.
The ufetubus hits you but does no damage. x2
The ufetubus misses you. The ufetubus barely misses you.
The ufetubus closely misses you. The ufetubus misses you.
The ogre hits you with a +0 giant club!!
You hit the ogre. You tail-slap the ogre.
The ogre is heavily wounded.
You barely miss the jelly. You hit the ufetubus but do no damage.
The ufetubus barely misses you. The ufetubus closely misses you.
The jelly hits you but does no damage. The ufetubus closely misses you.
The ufetubus hits you.
The ogre hits you with a +0 giant club!!
You die...

. .. # .[. .# .... .#
..$.. #.#
......#####..#####
.......O@$)......######
......#5J†.#####......
...^. #.###.........#
.... #.# #.........#
.## ..# #....>....#
..## #.........# #..
#J........#
........#######..#
.....)# ...#


You could see an ogre, a jelly and an ufetubus.

Vanquished Creatures
  A scorpion (D:4)
  A hound (D:4)
  2 adders (D:2)
  2 worms
  2 dart slugs
  5 bats
  5 endoplasms
  8 goblins
  3 hobgoblins
  7 jackals (D:1)
  4 quokkas
  5 ball pythons
  3 frilled lizards
  A kobold (D:4)
  3 rats
52 creatures vanquished.

Notes
Turn   | Place    | Note
-------+----------+-------------------------------------------
     0 | D:1      | sammy202020 the Palentonga Berserker began the quest for
                  | the Orb.
     0 | D:1      | Reached XP level 1. HP: 19/19 MP: 1/1
    98 | D:1      | Reached XP level 2. HP: 10/25 MP: 2/2
   824 | D:1      | Reached XP level 3. HP: 9/31 MP: 3/3
  1281 | D:2      | Identified the +7 rapier of the Hidden Vale {holy, Int+3}
  1283 | D:2      | Reached ** piety under Trog
  2101 | D:2      | Found an opulent altar of Gozag.
  2397 | D:3      | Reached XP level 4. HP: 34/38 MP: 4/4
  2942 | D:3      | Found an ornate altar of the Wu Jian Council.
  2944 | D:3      | You fall into a shaft and drop 1 floor!
  2963 | D:4      | Noticed a scorpion
  2972 | D:4      | Killed a scorpion
  2973 | D:4      | Reached skill level 4 in Fighting
  2973 | D:4      | Reached XP level 5. HP: 26/44 MP: 5/5
  2979 | D:4      | HP: 2/44 [ufetubus (2)]
  2980 | D:4      | Noticed an ogre
  2986 | D:4      | Slain by an ogre

Illustrated notes

Levels and vault maps discovered:
D:1:      lightli_arrival_statuegarden, layout_loops_ring,
          grunt_decor_resistance, minmay_misc_feat_columns
D:2:      layout_loops_ring, basic_altar
D:3:      layout_basic, general_overflow_altar, hangedman_decor_riveting,
          mrwooster_statue_mirror
D:4:      layout_rooms

Skill      XL: |  1  2  3  4 |
---------------+-------------+-----
Dodging        | 2 |  2.5
Armour         | 2 |  2.6
Fighting       | 4 |  4.0
Axes           | |  3.9

Action                   |  1- 3 |  4- 6 || total
-------------------------+-------+-------++-------
Melee: Hand axe          |   124 |    49 ||   173
       Tailslap          |    10 |     4 ||    14
       Punch             |     2 |       ||     2
Invok: Berserk           |     1 |     1 ||     2
       Trog's Hand       |       |     1 ||     1
  Use: Scroll            |     4 |     6 ||    10
       Potion            |       |     2 ||     2
Armor: Animal skin       |    23 |       ||    23
       Ring mail         |    36 |    33 ||    69
Dodge: Dodged            |    74 |    48 ||   122

Table legend: (Time is in decaauts)
 A = Elapsed time spent in this place.
 B = Non-inter-level travel time spent in this place.
 C = Inter-level travel time spent in this place.
 D = Time resting spent in this place.
 E = Time spent auto-exploring this place.
 F = Levels seen in this place.
 G = Mean time per level.
                   A        B        C        D        E       F      G
               +--------+--------+--------+--------+--------+-----+--------+
         Total |   3022 |   2971 |     51 |      0 |   2523 |   4 |  755.5 |
       Dungeon |   3022 |   2971 |     51 |      0 |   2523 |   4 |  755.5 |
               +--------+--------+--------+--------+--------+-----+--------+

Top non-repeatable levels by time:
     D:1: 1277 daAuts
     D:2: 1132 daAuts
     D:3: 564 daAuts
     D:4: 47 daAuts
